 Dungeon Crawl Stone Soup version 0.22-a0-362-g535178c (webtiles) character file.

343 Kikal the Sneak (level 6, -1/26 HPs)
             Began as a Felid Enchanter on Apr 19, 2018.
             Was a Follower of Cheibriados.
             Slain by Duvessa
             ... wielding a +0 short sword
              (10 damage)
             ... on level 4 of the Dungeon.
             The game lasted 00:25:59 (5871 turns).

Kikal the Sneak (Felid Enchanter)                   Turns: 5871, Time: 00:26:00

Health: -1/26      AC:  2    Str:  6    XL:     6   Next: 31%
Magic:  1/11       EV: 18    Int: 20    God:    Cheibriados [*.....]
Gold:   243        SH:  0    Dex: 19    Spells: 5/11 levels left
                                        Lives:  0   Deaths: 1

rFire    . . .     SeeInvis +     - Unarmed
rCold    + . .     Gourm    .   (shield unavailable)
rNeg     . . .     Faith    .   (armour unavailable)
rPois    .         Spirit   .   (helmet unavailable)
rElec    .         Reflect  .   (cloak unavailable)
rCorr    .         Harm     .   (gloves unavailable)
MR       .....                  (boots unavailable)
Stlth    ++++......             (no amulet)
HPRegen  0.08/turn              (no ring)
MPRegen  0.12/turn              f - ring of protection from cold

@: flying, very slightly contaminated, slow
A: very small, no armour, no weapons or thrown items, stealth, claws 1, fangs 3,
see invisible, carnivore, speed 1, shaggy fur 2, slow metabolism 1, sharp paws
a: Bend Time, Renounce Religion


You were on level 4 of the Dungeon.
You worshipped Cheibriados.
Cheibriados was aware of your devotion.
You were full.

You visited 1 branch of the dungeon, and saw 5 of its levels.

You collected 243 gold pieces.

Inventory:

Jewellery
 f - a ring of protection from cold (right paw)
Scrolls
 c - a scroll of remove curse
 g - 3 scrolls of magic mapping
 j - 3 scrolls of identify
 k - a scroll of fog {unknown}
Potions
 a - a potion of curing
 d - 3 potions of agility
 m - a potion of brilliance
Comestibles
 b - 8 rations


   Skills:
 + Level 1.9 Fighting
 - Level 2.6 Dodging
 + Level 6.3 Stealth
 + Level 4.4 Unarmed Combat
 - Level 3.0 Spellcasting
 - Level 5.0 Hexes
 - Level 2.7 Ice Magic


You had 5 spell levels left.
You knew the following spells:

 Your Spells              Type           Power        Failure   Level  Hunger
a - Corona                Hex            ###....      1%          1    None
b - Ensorcelled Hibernat  Hex/Ice        ###...       4%          2    ##.....
c - Confuse               Hex            ###.....     5%          3    ###....


Dungeon Overview and Level Annotations

Branches:
Dungeon (5/15)
 Temple: D:4-7

Altars:
Ashenzari
Cheibriados
Qazlal
Xom

Annotations:
D:2 exclusion: 2 adders
D:3 Grinder
D:4 exclusions: 2 orcs, 2 orc priests, quokka and upstairs, Dowan, Duvessa


Innate Abilities, Weirdness & Mutations

You cannot wear armour.
You are incapable of wielding weapons or throwing items.
Your paws allow you to move quietly. (Stealth)
You have sharp claws.
You have razor-sharp teeth.
You have supernaturally acute eyesight. (SInv)
You are carnivorous and can eat meat at any time.
You cover ground quickly.
You are covered in thick fur. (AC +2)
You have a slow metabolism.
Your sharp claws are effective at attacking unaware monsters.


Message History

You now have 6/10 mp.
The helpless ogre fails to defend itself.
You eviscerate the ogre!!!
You kill the ogre!
Cheibriados appreciates the change of pace.
Cheibriados slows and strengthens your metabolism.
Cheibriados raises the support of your attributes as your movement slows.
Welcome back to level 6!
Duvessa hits you with a +0 short sword.
You take 3 damage, and have 11/26 hp.
Aim: Duvessa, wielding a +0 short sword and wearing a chain mail (chance to defeat MR: 31%) Duvessa easily resists.
Duvessa hits you with a +0 short sword.
You take 2 damage, and have 9/26 hp.
You now have 4/11 mp.
Aim: Duvessa, wielding a +0 short sword and wearing a chain mail (chance to defeat MR: 35%) Duvessa easily resists.
Duvessa misses you.
You now have 1/11 mp.
It was a potion of flight.
You feel very buoyant.
You fly up into the air.
Duvessa hits you with a +0 short sword!
You die...

####.#....##.####..## #......#...
...#.####.##....)..## #......#...
##.#.####.....).....###......#...
......................'......'>..
#..............###..###......#...
....................# #......#...
.................#.##############
.......e..†[...(.#.......).......
....#+#########.@#..#########.###
.##....#######...e..# ##### #)##
.#..............)...###..(###..##
.#..................##(....##....
.#.................##......!#....
...(...####........##.......#....
..#....# #........##......)##...
..#....# #........###.....###...
..#....# ######...# ##...## ###.


You could see Duvessa.

Vanquished Creatures
  Edmund (D:4)
  2 ogres (D:4)
  Blork the orc (D:4)
  2 hounds (D:4)
  A worker ant (D:4)
  2 hound skeletons (D:4)
  3 adders
  A worm (D:3)
  2 dart slugs (D:1)
  2 leopard geckos
  8 orcs
  2 bats
  6 giant cockroaches
  6 hobgoblins
  8 jackals
  9 kobolds
  2 quokkas
  3 frilled lizards
  7 goblins
  19 rats
87 creatures vanquished.

Vanquished Creatures (others)
  5 dream sheep (D:3)
5 creatures vanquished.

Grand Total: 92 creatures vanquished

Notes
Turn   | Place    | Note
-------+----------+-------------------------------------------
     0 | D:1      | Kikal the Felid Enchanter began the quest for the Orb.
     0 | D:1      | Reached XP level 1. HP: 7/7 MP: 4/4
   294 | D:1      | Reached XP level 2. HP: 11/11 MP: 3/6
   303 | D:1      | Learned a level 2 spell: Ensorcelled Hibernation
   998 | D:1      | Reached skill level 1 in Ice Magic
  1100 | D:1      | Reached XP level 3. HP: 14/14 MP: 5/7
  1284 | D:1      | Learned a level 3 spell: Confuse
  1522 | D:1      | Reached skill level 5 in Hexes
  2089 | D:2      | Noticed an earth elemental
  2091 | D:2      | Found a stormy altar of Qazlal.
  2092 | D:2      | Noticed a water elemental
  2092 | D:2      | Noticed a fire elemental
  2092 | D:2      | Noticed an air elemental
  3523 | D:3      | Reached XP level 4. HP: 16/18 MP: 2/8
  3608 | D:3      | Found a shimmering altar of Xom.
  3608 | D:3      | Noticed a dream sheep
  3608 | D:3      | Noticed a dream sheep
  3608 | D:3      | Noticed a dream sheep
  3608 | D:3      | Noticed a dream sheep
  3608 | D:3      | Noticed a dream sheep
  3614 | D:3      | Killed a dream sheep
  3614 | D:3      | Killed a dream sheep
  3614 | D:3      | Killed a dream sheep
  3616 | D:3      | Killed a dream sheep
  3619 | D:3      | Killed a dream sheep
  3788 | D:3      | Noticed Grinder
  4189 | D:3      | Found a snail-covered altar of Cheibriados.
  4197 | D:3      | Became a worshipper of Cheibriados the Contemplative
  4569 | D:4      | Noticed Blork the orc
  4581 | D:4      | Killed Blork the orc
  4581 | D:4      | Reached skill level 5 in Stealth
  4581 | D:4      | Reached XP level 5. HP: 8/21 MP: 6/9
  4771 | D:4      | Noticed an ogre
  4777 | D:4      | Killed an ogre
  4816 | D:4      | Gained mutation: You are covered in thick fur. (AC +2) [Felid growth]
  4816 | D:4      | Reached XP level 6. HP: 18/24 MP: 3/11
  5371 | D:4      | Found a shattered altar of Ashenzari.
  5459 | D:4      | Noticed Edmund
  5489 | D:4      | Killed Edmund
  5489 | D:4      | Reached skill level 1 in Fighting
  5489 | D:4      | Reached skill level 6 in Stealth
  5663 | D:4      | Noticed Duvessa
  5664 | D:4      | Noticed Dowan
  5699 | D:4      | Slain by Duvessa
  5700 | D:4      | Reached XP level 5. HP: -3/22 MP: 10/10
  5768 | D:5      | Entered Level 5 of the Dungeon
  5867 | D:4      | Killed an ogre
  5867 | D:4      | Reached * piety under Cheibriados
  5867 | D:4      | Reached XP level 6. HP: 16/26 MP: 6/11
  5871 | D:4      | Slain by Duvessa

Vault maps used:
D:1:      erik_arrival_orb_chamber, minmay_misc_feat_rows,
          minmay_split_cup_small
D:2:      nicolae_qazlal_style_of_elements
D:3:      kb_forest_paths, nicolae_overflow_crystal_walls, first_ration,
          kb_xom_exploding_sheep, uniq_grinder
D:4:      minmay_opposing_rooms, serial_shops, nicolae_shop_statue_plus,
          evilmike_ruin_ashenzari, uniq_edmund, uniq_duvessa, uniq_blork_the_orc

Skill      XL: |  1  2  3  4  5  6 |
---------------+-------------------+-----
Ice Magic      | 1 2 |  2.7
Hexes          | 5 |  5.0
Unarmed Combat | 2 3 4 |  4.4
Stealth        | 5 6 |  6.3
Spellcasting   | 3 |  3.0
Fighting       | 1 |  1.9
Dodging        | |  2.6

Action                   |  1- 3 |  4- 6 || total
-------------------------+-------+-------++-------
Melee: Unarmed           |   172 |   102 ||   274
       Bite              |     9 |     6 ||    15
       Punch             |     1 |     2 ||     3
 Cast: Corona            |    41 |     3 ||    44
       Ensorcelled Hiber |    13 |    26 ||    39
       Confuse           |       |     7 ||     7
  Use: Scroll            |     5 |     2 ||     7
       Potion            |       |     5 ||     5
 Stab: Sleeping          |    13 |    20 ||    33
       Confused          |       |     3 ||     3
  Eat: Chunk             |    12 |    10 ||    22
Armor: Skin              |     3 |    11 ||    14
Dodge: Dodged            |   118 |    90 ||   208

Table legend:
 A = Spawn XP
 B = Non-spawn XP
 C = Spawn XP percentage of total XP
 D = Spawn monster count
 E = Non-spawn monster count
 F = Spawn count percentage of total count
 G = Total turns spent on level
                    A         B        C        D         E        F      G
               +---------+---------+-------+---------+---------+-------+---------
         Total |       0 |     824 |   0.0 |       0 |      87 |   0.0 |  5871
               +---------+---------+-------+---------+---------+-------+---------
           D:1 |       0 |      67 |   0.0 |       0 |      42 |   0.0 |  1764
           D:2 |       0 |      30 |   0.0 |       0 |      10 |   0.0 |  1552
           D:3 |       0 |      43 |   0.0 |       0 |      14 |   0.0 |  1203
           D:4 |       0 |     671 |   0.0 |       0 |      20 |   0.0 |  1293
           D:5 |       0 |      13 |   0.0 |       0 |       1 |   0.0 |    59
               +---------+---------+-------+---------+---------+-------+---------
